 Dungeon Crawl Stone Soup version 0.18-a0-1350-g404b4cb (webtiles) character file.

104 M4edhros the Sneak (level 4, -5/31 HPs)
             Began as an Octopode Monk on Feb 18, 2016.
             Was a Believer of Dithmenos.
             Slain by Grinder (7 damage)
             ... while paralysed by Grinder
             ... on level 3 of the Dungeon.
             The game lasted 00:05:05 (1013 turns).

M4edhros the Sneak (Octopode Monk)                  Turns: 1013, Time: 00:05:05

Health: -5/31      AC:  1    Str: 10    XL:     4   Next: 80%
Magic:  4/4        EV:  2    Int: 12    God:    Dithmenos [**....]
Gold:   60         SH:  0    Dex: 15    Spells: 0 memorised, 3 levels left

rFire  . . .     SeeInvis .       - Unarmed
rCold  . . .     Gourm    .     (no shield)
rNeg   . . .     Faith    .     (helmet restricted)
rPois  .         Spirit   .     (no amulet)
rElec  .         Dismiss  .     (no ring)
rCorr  .         Reflect  .     (no ring)
SustAt .         Harm     .     (no ring)
MR     .....                    (no ring)
Stlth  ++++++....               (no ring)
                                (no ring)
                                (no ring)
                                (no ring)

@: paralysed, flying, wreathed by umbra, not resistant to hostile enchantments,
very stealthy
A: almost no armour, amphibious, 8 rings, constrict 8, camouflage 1, gelatinous
body 1
a: Shadow Step, Renounce Religion


You were on level 3 of the Dungeon.
You worshipped Dithmenos.
Dithmenos was pleased with you.
You were not hungry.

You visited 1 branch of the dungeon, and saw 3 of its levels.

You collected 60 gold pieces.

Inventory:

Missiles
 d - 107 stones (quivered)
 j - 15 sling bullets
Scrolls
 b - 2 scrolls of enchant weapon
 e - 2 scrolls of remove curse {unknown}
 f - 2 scrolls of identify {unknown}
 h - a scroll of amnesia {unknown}
 l - a scroll of magic mapping {unknown}
Comestibles
 a - 2 bread rations
 c - 2 fruits
 i - a slice of pizza
 k - 2 beef jerkies
 n - a chunk of flesh


   Skills:
 - Level 3.0 Fighting
 - Level 3.0 Dodging
 + Level 6.9 Stealth
 - Level 4.0 Unarmed Combat


You had 3 spell levels left.
You didn't know any spells.

Dungeon Overview and Level Annotations

Branches:
Dungeon (3/15)

Altars:
Dithmenos

Annotations:
D:3 Grinder


Innate Abilities, Weirdness & Mutations

You cannot wear most types of armour.
You are amphibious.
You can wear up to eight rings at the same time.
You can use your tentacles to constrict eight enemies at once.
Your skin changes colour to match your surroundings (Stealth).
Your rubbery body absorbs attacks (AC +1).


Message History

You tentacle-slap Grinder but do no damage.
Grinder is moderately wounded.
You constrict Grinder.
Grinder gestures.
Grinder blinks free!
You barely miss Grinder. You grab Grinder.
Grinder is moderately wounded.
You constrict Grinder, but do no damage.
Grinder says, "Don't move a muscle."
Grinder gestures at you.
You suddenly lose the ability to move!
You lose your grip on Grinder.
Grinder hits you.
* * * LOW HITPOINT WARNING * * *
You writhe in agony.
* * * LOW HITPOINT WARNING * * *
Grinder gestures at you. You resist with significant effort.
Grinder says, "Don't move a muscle."
Grinder hits you!
You die...

### ..# #.# #.#
#######.##### #####
....S.......####)..#
#....5.........>.#
#.###@###.###.....#
#?# #.# .......# #.#
#.#.........# .# #.#
#.##.......## .# #.#
#.###.....## .# ..#
#.# ##...## .# .##
#.# #.## .# . #.#
#.# .# #.# #.#


You could see Grinder and a ball python (sleeping).

Vanquished Creatures
  A worker ant (D:3)
  4 adders
  An ooze (D:1)
  5 giant cockroaches
  7 goblins
  2 hobgoblins (D:1)
  A quokka (D:3)
  6 bats
  3 giant newts (D:1)
  6 kobolds
  4 rats
40 creatures vanquished.

Notes
Turn   | Place    | Note
--------------------------------------------------------------
     0 | D:1      | M4edhros the Octopode Monk began the quest for the Orb.
     0 | D:1      | Reached XP level 1. HP: 16/16 MP: 1/1
   163 | D:1      | Reached XP level 2. HP: 15/21 MP: 2/2
   380 | D:1      | Reached XP level 3. HP: 12/26 MP: 3/3
   448 | D:2      | Found a shadowy altar of Dithmenos.
   465 | D:2      | Reached skill level 5 in Stealth
   494 | D:2      | Became a worshipper of Dithmenos the Shadowed
   494 | D:2      | Reached * piety under Dithmenos
   494 | D:2      | Reached ** piety under Dithmenos
   700 | D:2      | Reached XP level 4. HP: 15/31 MP: 4/4
   742 | D:3      | Reached skill level 6 in Stealth
  1003 | D:3      | Noticed Grinder
  1010 | D:3      | Paralysed by Grinder for 7 turns
  1011 | D:3      | HP: 1/31 [Grinder (4)]
  1013 | D:3      | Slain by Grinder

Vault maps used:
D:1:      minmay_arrival_loop, st_stairs_13
D:2:      grunt_dithmenos_smoke, kennysheep_nondescript,
          kennysheep_small_spiral, minivault_11
D:3:      vehumet_crystals, first_bread, uniq_grinder

Action                   |  1- 3 |  4- 6 || total
-------------------------+-------+-------++-------
Melee: Unarmed           |    81 |    22 ||   103
  Use: Potion            |       |     3 ||     3
       Scroll            |       |     1 ||     1
 Stab: Sleeping          |     9 |     4 ||    13
  Eat: Chunk             |       |     1 ||     1
